 Dungeon Crawl Stone Soup version 0.26-a0-597-gb535b0901c (webtiles) character file.

Game seed: 1986508191611403078

1647 Flugslaktarn the Fighter (level 8, -1/75 HPs)
             Began as a Minotaur Fighter on Sept 13, 2020.
             Killed from afar by Maggie (38 damage)
             ... with a bolt of fire
             ... on level 7 of the Dungeon.
             The game lasted 00:02:18 (4200 turns).

Flugslaktarn the Fighter (Minotaur Fighter)         Turns: 4200, Time: 00:02:19

Health: -1/75      AC: 17    Str: 21    XL:     8   Next: 67%
Magic:  7/7        EV:  8    Int:  5    God:
Gold:   225        SH: 10    Dex: 12    Spells: 7/7 levels left

rFire    . . .     SeeInvis .   a - +0 war axe
rCold    . . .     Faith    .   c - +0 kite shield
rNeg     + . .     Spirit   .   b - +0 scale mail
rPois    .         Reflect  .   o - +2 hat
rElec    .         Harm     .   j - +0 cloak
rCorr    .                      v - +1 pair of gloves
MR       .....                  (no boots)
Stlth    ..........             (no amulet)
HPRegen  0.22/turn              p - +4 ring of protection
MPRegen  0.10/turn              l - ring of positive energy

@: lethally poisoned (-1 -> -3)
A: retaliatory headbutt, horns 2
a: no special abilities


You were on level 7 of the Dungeon.
You visited 1 branch of the dungeon, and saw 7 of its levels.

You collected 225 gold pieces.

Inventory:

Hand Weapons
 a - a +0 war axe (weapon)
Armour
 b - a +0 scale mail (worn)
 c - a +0 kite shield (worn)
 j - a +0 cloak (worn)
   (You found it on level 3 of the Dungeon)
 o - a +2 hat (worn)
   (You found it on level 4 of the Dungeon)
 v - a +1 pair of gloves (worn)
   (You found it on level 5 of the Dungeon)
Jewellery
 l - a ring of positive energy (right hand)
   (You found it on level 5 of the Dungeon)
 p - a +4 ring of protection (left hand)
   (You found it on level 6 of the Dungeon)
Wands
 k - a wand of acid (8)
   (You found it on level 4 of the Dungeon)
 s - a wand of digging (5)
   (You found it on level 5 of the Dungeon)
Scrolls
 t - 4 scrolls of teleportation
 x - a scroll of remove curse
Potions
 d - a potion of might
 e - a potion of invisibility {unknown}
 f - a potion of stabbing {unknown}
 g - a potion of ambrosia {unknown}
 h - 2 potions of degeneration
 i - a potion of lignification {unknown}
 n - a potion of brilliance {unknown}
 q - 4 potions of curing
 w - 3 potions of heal wounds


   Skills:
 * Level 8.5 Fighting
 * Level 8.1 Axes
 + Level 6.4 Armour
 + Level 6.4 Shields


You had 7 spell levels left.
You didn't know any spells.
Your spell library was empty.

Dungeon Overview and Level Annotations

Branches:
Dungeon (7/15)
 Temple: D:4-7

Altars:
Fedhas
Kikubaaqudgha

Annotations:
D:7 Maggie


Innate Abilities, Weirdness & Mutations

You reflexively headbutt those who attack you in melee.
You have a pair of horns on your head.


Message History

The howler monkey is almost dead.
The howler monkey hoots and howls with incredible vigour!
The bullfrog zombie hits you but does no damage.
You hear a shout! x5
You closely miss the howler monkey. You headbutt the howler monkey.
You kill the howler monkey!
You closely miss the spriggan baker.
You hit the bullfrog zombie but do no damage.
You feel sick. The bullfrog zombie barely misses you.
The spriggan baker hits you but does no damage.
Maggie gestures wildly while chanting.
Maggie attempts to bespell you!
You easily resist.
A centaur comes into view.
You miss the spriggan baker. You slash the bullfrog zombie!
You block the bullfrog zombie's attack. You block the spriggan baker's attack.
Maggie shouts, "Leave me alone!"
Maggie casts a spell at you. The bolt of fire hits you!!!
Ouch! That really hurt!
You die...

?.. c..
oo## ###o.
#..@h #
#...## .#.
#.††Z#.....
##@i......
##.#).##.#.
#..#.##..#
#........#
##.##.....#
#<.# .....#
#......#.#.
#....###.#
##..##


You could see Maggie, an orc warrior, a black bear, a spriggan baker, a centaur,
an orc wizard, an orc and a bullfrog zombie.

Vanquished Creatures
  Menkaure (D:5)
  An ice beast (D:5)
  A sky beast (D:5)
  2 ogres
  A centaur (D:6)
  A gnoll sergeant (D:6)
  2 scorpions
  3 killer bees (D:7)
  3 howler monkeys
  A bullfrog zombie (D:5)
  3 hounds
  3 orc priests
  6 orc wizards
  2 iguanas
  Natasha (twice) (D:4)
  2 worker ants (D:5)
  5 gnolls (D:6)
  4 adders
  2 white imps (D:5)
  A shadow imp (D:5)
  An ooze (D:4)
  A worm (D:3)
  A dart slug (D:1)
  5 leopard geckos
  14 orcs
  5 giant cockroaches
  A hobgoblin (D:1)
  6 jackals (D:5)
  A kobold (D:1)
  A quokka (D:6)
  A ball python skeleton (D:5)
  2 bats
  A leopard gecko zombie (D:5)
  A rat (D:3)
87 creatures vanquished.

Notes
Turn   | Place    | Note
-------+----------+-------------------------------------------
     0 | D:1      | Flugslaktarn the Minotaur Fighter began the quest for the
                  | Orb.
     0 | D:1      | Reached XP level 1. HP: 19/19 MP: 0/0
    64 | D:1      | Reached XP level 2. HP: 25/27 MP: 1/1
   373 | D:3      | Found an ancient bone altar of Kikubaaqudgha.
   466 | D:4      | Noticed an ogre
   472 | D:4      | HP: 1/27 [ogre/+0 giant club (15)]
   473 | D:4      | Killed an ogre
   473 | D:4      | Reached XP level 3. HP: 2/35 MP: 2/2
   473 | D:4      | Reached XP level 4. HP: 2/41 MP: 3/3
   904 | D:4      | Reached skill level 5 in Fighting
  1171 | D:4      | Reached XP level 5. HP: 47/48 MP: 4/4
  1392 | D:4      | HP: 1/48 [orc wizard/puff of frost (4)]
  1800 | D:4      | Noticed Natasha
  1805 | D:4      | Killed Natasha
  1875 | D:4      | Noticed Natasha
  1884 | D:4      | Killed Natasha
  1884 | D:4      | Reached XP level 6. HP: 46/56 MP: 5/5
  1960 | D:5      | Entered Level 5 of the Dungeon
  1960 | D:5      | Noticed an ice beast
  1966 | D:5      | Killed an ice beast
  1966 | D:5      | Reached skill level 5 in Axes
  2053 | D:5      | Noticed Menkaure
  2062 | D:5      | Killed Menkaure
  2062 | D:5      | Reached skill level 5 in Armour
  2062 | D:5      | Reached skill level 5 in Shields
  2065 | D:5      | Reached XP level 7. HP: 20/63 MP: 6/6
  3200 | D:6      | Reached XP level 8. HP: 60/73 MP: 7/7
  3414 | D:6      | Found a blossoming altar of Fedhas.
  4194 | D:7      | Noticed Maggie
  4200 | D:7      | Killed from afar by Maggie

Illustrated notes

Levels and vault maps discovered:
D:1:      dpeg_arrival_boxes_within_box, layout_basic
D:2:      layout_basic
D:3:      layout_basic, old_standard_altar, gammafunk_ghost_cemetery,
          minmay_misc_feat_plants, minmay_stone_trees_small
D:4:      layout_layer_cave, uniq_natasha
D:5:      layout_cave_pools, minmay_fountain_box, uniq_menkaure
D:6:      layout_loops_ring, fedhas_bush_and_centaur_altar
D:7:      layout_cave_pools, gammafunk_temple_overflow_pools,
          minmay_temple_entry_butterflies, lightli_ossuary_entry_decrepit_ruins,
          serial_shops, nicolae_shop_stone, chequers_serial_rivers_small_3,
          the_bakery, uniq_pikel, uniq_maggie, uniq_duvessa

Skill      XL: |  1  2  3  4  5  6  7  8 |
---------------+-------------------------+-----
Fighting       | 4 5 6 7 8 |  8.5
Axes           | 3 4 5 6 8 |  8.1
Armour         | 4 5 6 |  6.4
Shields        | 4 5 6 |  6.4

Action                   |  1- 3 |  4- 6 |  7- 9 || total
-------------------------+-------+-------+-------++-------
Melee: War axe           |    36 |    71 |   137 ||   244
       Headbutt          |     5 |    13 |    29 ||    47
  Use: Scroll            |       |       |    11 ||    11
       Potion            |       |       |     2 ||     2
Armor: Scale mail        |    13 |    34 |   101 ||   148
Dodge: Dodged            |    14 |    22 |    49 ||    85
Block: Kite shield       |    16 |    40 |    91 ||   147

Table legend: (Time is in decaauts)
 A = Elapsed time spent in this place.
 B = Non-inter-level travel time spent in this place.
 C = Inter-level travel time spent in this place.
 D = Time resting spent in this place.
 E = Time spent auto-exploring this place.
 F = Levels seen in this place.
 G = Mean time per level.
                   A        B        C        D        E       F      G
               +--------+--------+--------+--------+--------+-----+--------+
         Total |   4274 |   4118 |    156 |    541 |   2946 |   7 |  610.6 |
       Dungeon |   4274 |   4118 |    156 |    541 |   2946 |   7 |  610.6 |
               +--------+--------+--------+--------+--------+-----+--------+

Top non-repeatable levels by time:
     D:4: 1541 daAuts
     D:5: 1245 daAuts
     D:6: 994 daAuts
     D:3: 338 daAuts
     D:1: 73 daAuts
     D:2: 47 daAuts
     D:7: 33 daAuts
